[Event "CCT Final-RR 2024"]
[Site "Oslo"]
[Date "2024.12.19"]
[Round "7"]
[White "Nepomniachtchi, Ian"]
[Black "Aronian, Levon"]
[Result "1-0"]
[ECO "C55"]
[WhiteElo "2755"]
[BlackElo "2747"]
[Annotator "TA"]
[PlyCount "84"]
[EventDate "2024.12.11"]
[EventType "tourn"]
[EventCountry "NOR"]
[SourceTitle "playchess.com"]
[Source "ChessBase"]
[SourceQuality "1"]
[TimeControl "600+2"]

1. e4 e5 2. Nf3 Nc6 3. Bc4 Nf6 4. d3 Be7 5. O-O O-O 6. Nbd2 d5 {[%emt 0:00:03] C55: Two Knights: 4 d3, 4 d4 exd4 5 e5 and Max Lange Attack.} 7. exd5 Nxd5 8. h3 Nb6 9. Bb3 Kh8 $146 ({Predecessor:} 9... Bf5 10. c3 Bxd3 11. Re1 Qd6 12. Nf1 e4 13. N3d2 Qe5 14. Nf3 Qh5 15. N3h2 Rfd8 16. Qxh5 {½-½ Woznica,A-Pawulski,R POL-ch U08 Poland 2022 (8)}) 10. a4 a5 11. Re1 f6 12. Nf1 Bf5 13. Nh4 Bd7 14. c3 f5 (14... g5 $5 15. Nf3 $8 Be8 $14) 15. Nf3 Bf6 16. Ng3 Qe8 (16... f4 $11 {keeps the balance.} 17. Ne4 Be8) 17. Bf4 $1 $16 Qg6 18. Bxe5 (18. Nxe5 $6 Bxe5 19. Bxe5 f4 20. Bxc7 fxg3 21. fxg3 (21. Bxb6 Nb4 $17) 21... Nb8 $11) 18... Nxe5 19. Nxe5 Bxe5 20. Rxe5 f4 21. Ne4 f3 22. Rg5 (22. g4 $16) 22... Qh6 $14 23. Rg3 fxg2 24. Ng5 Bc6 $2 (24... Qf6 $11 25. Qf3 (25. Rxg2 h6 $15) 25... Qxf3 26. Rxf3 (26. Nxf3 Rae8 $11) 26... Rxf3 27. Nxf3 Re8) 25. Qg4 $2 (25. Nf7+ $18 Rxf7 26. Bxf7) 25... Nd5 26. Re1 (26. Kxg2 $2 Ne3+ (26... Nxc3+ 27. Kf1 $11) 27. Kg1 Nxg4 $19) 26... Nf4 (26... Qf6 $14 27. Ne4 Qe5) 27. Re7 $1 $16 (27. Nf7+ Rxf7 28. Bxf7 Qf6 $15) 27... Rae8 $2 (27... Qg6 $16 {was worth a try.}) 28. Rxe8 $1 $18 ({Wrong is} 28. Nf7+ $2 Rxf7 29. Rxe8+ (29. Bxf7 $2 Nxh3+ 30. Kh2 Nf4+ 31. Rh3 Qxh3+ 32. Qxh3 g1=Q+ 33. Kxg1 Nxh3+ $19) 29... Bxe8 $19) 28... Bxe8 {[%emt 0:00:01] [#]} 29. Rf3 $1 Qf6 {[%emt 0:00:47] [#]} 30. Nf7+ $1 Bxf7 31. Rxf4 Bxb3 (31... Qe7 {keeps fighting.}) 32. Rxf6 $18 gxf6 33. Qd4 (33. Kxg2 $2 {perishes.} Rg8 34. f3 Bxa4 $19 (34... Rxg4+ $2 35. fxg4 Bxa4 36. h4 $19)) 33... Rg8 $2 (33... Rf7 34. Kxg2 b6) 34. Qxf6+ $18 Rg7 35. Qd8+ Bg8 36. Qf6 $2 ({Better is} 36. f4 $18) 36... h5 $2 (36... Bb3 $11 37. Qd8+ Bg8) 37. Qh6+ $18 Bh7 38. Qxh5 Rg6 39. Qxa5 Kg7 40. Qxc7+ Kh6 41. Qxb7 Rg5 42. Qf3 Bg8 1-0

[Event "CCT Final-RR 2024"]
[Site "Oslo"]
[Date "2024.12.19"]
[Round "7"]
[White "Aronian, Levon"]
[Black "Nepomniachtchi, Ian"]
[Result "1/2-1/2"]
[ECO "C24"]
[WhiteElo "2747"]
[BlackElo "2755"]
[Annotator "TA"]
[PlyCount "125"]
[EventDate "2024.12.11"]
[EventType "tourn"]
[EventCountry "NOR"]
[SourceTitle "playchess.com"]
[Source "ChessBase"]
[SourceQuality "1"]
[TimeControl "600+2"]

1. e4 e5 2. Bc4 Nf6 3. d3 c6 4. Nf3 d5 5. Bb3 a5 6. a4 Bb4+ 7. c3 Bd6 8. exd5 cxd5 9. Bg5 Be6 10. Na3 Nbd7 11. Nb5 Bb8 12. d4 e4 13. Nd2 h6 14. Bh4 Nf8 15. f3 Ng6 16. Bxf6 Qxf6 17. g3 exf3 18. Qxf3 Qxf3 19. Nxf3 Kd7 20. O-O Bd6 21. Rf2 Rae8 22. Bc2 Ne7 23. Nh4 Bb8 24. Raf1 Ref8 25. Kg2 h5 26. Nf3 (26. Bg6 $5) 26... f6 27. Nh4 Re8 28. Re1 Bf7 29. Rfe2 (29. Bd3 Ng8 30. Rxe8 Bxe8 31. Nf5) 29... g5 30. Nf5 Nxf5 31. Bxf5+ Kd8 32. Be6 (32. Na3 {simplifies} Rxe2+ 33. Rxe2 Re8 34. Rf2) 32... Bxe6 33. Rxe6 Kd7 34. Rxe8 Rxe8 35. Rxe8 Kxe8 36. b3 Kd7 37. c4 Ke6 38. Nc3 dxc4 39. bxc4 f5 40. c5 Bc7 41. Kf3 Bd8 42. Ke3 Bf6 43. Kd3 Bg7 (43... Bd8 $11) 44. Nb5 $1 $16 h4 ({Black should try} 44... Bh8) 45. gxh4 $16 gxh4 46. h3 $2 (46. Kc4 $18) 46... Bf8 47. Nc7+ Kd7 48. Nd5 $1 Ke6 $2 (48... Bh6 $16) 49. Nf4+ $18 Kf6 50. Ng2 Kg5 51. Kc4 f4 52. Ne1 Kf5 {[%emt 0:00:01] [#]} 53. Kd3 $1 ({Stronger than} 53. Kd5 Be7 $11) 53... Be7 54. Nf3 Bd8 55. d5 Bf6 {[%emt 0:00:01] [#]} 56. c6 $2 (56. Kc4 $1 $18 Bd8 57. c6 bxc6 58. dxc6) 56... bxc6 $11 57. dxc6 Ke6 $1 58. Kc4 (58. c7 $5 Kd7 $8 59. Nd2 $11) 58... Kd6 59. Kb5 Bd8 60. Nd2 Kd5 61. Nf3 Kd6 $1 62. Ne1 Kd5 63. Nf3 1/2-1/2

[Event "CCT Final-RR 2024"]
[Site "Oslo"]
[Date "2024.12.19"]
[Round "7"]
[White "So, Wesley"]
[Black "Vachier-Lagrave, Maxime"]
[Result "1-0"]
[ECO "D80"]
[WhiteElo "2747"]
[BlackElo "2731"]
[Annotator "TA"]
[PlyCount "103"]
[EventDate "2024.12.11"]
[EventType "tourn"]
[EventCountry "NOR"]
[SourceTitle "playchess.com"]
[Source "ChessBase"]
[SourceQuality "1"]
[TimeControl "600+2"]

1. d4 Nf6 2. c4 g6 3. Nc3 d5 4. Bg5 Ne4 5. Bh4 Nxc3 6. bxc3 dxc4 7. e3 Be6 8. Nf3 Nd7 9. Be2 Nb6 10. a4 a5 11. O-O Bg7 12. Qc2 O-O 13. Rfb1 Qd7 14. Bg3 Bd5 15. e4 Bc6 16. Rxb6 cxb6 17. d5 Bxa4 18. Rxa4 b5 19. Ra2 b4 20. cxb4 (20. Bxc4 b5 21. Be2 Bxc3 $17 (21... bxc3 22. Bd1 $17)) 20... axb4 21. Bxc4 Ra3 22. Ne5 (22. Rxa3 $1 $11 bxa3 23. h3) 22... Qc8 (22... Bxe5 $1 $15 23. Rxa3 (23. Bxe5 Rc8 $15) 23... bxa3 24. Bxe5 Rc8) 23. Rxa3 $1 $14 (23. d6 $2 b3 (23... Rc3 $2 24. d7 $19) 24. Bxf7+ (24. Rxa3 $2 bxc2 25. Rc3 exd6 $19) 24... Kh8 25. Qxc8 (25. Rxa3 $2 bxc2 26. h3 c1=Q+ $19) 25... Rxc8 $19 (25... bxa2 26. Nxg6+ hxg6 27. Qh3+)) 23... bxa3 {[%emt 0:00:03] [#]} 24. Qa2 $1 ({Wrong is} 24. d6 $2 Bxe5 25. Bxe5 (25. dxe7 $2 {is the wrong capture.} Re8 $19) 25... b5 26. dxe7 Re8 $17 (26... bxc4 $2 27. exf8=Q+ Kxf8 28. Bd6+ Kg8 29. Bxa3 $18)) 24... Qc5 ({Black should try} 24... Bxe5 $14 25. Bxe5 Qc5) 25. Nd7 $18 Qb4 26. Nxf8 b5 {[%emt 0:00:01] [#]} 27. Bd3 $1 Bxf8 (27... Kxf8 $142 28. h4 Bd4) 28. h4 $18 Qe1+ (28... Kg7 $142 29. Qb1 Qd2 30. Bxb5 (30. Qxb5 a2 $16) (30. Qa1+ e5 $18) 30... Qc3) 29. Kh2 $18 b4 30. Bc4 Qxe4 31. Bb3 Qd3 $2 (31... Qf5 32. Qe2 Qf6) 32. d6 $18 e6 33. Bxe6 Bxd6 34. Bxf7+ Kg7 35. Bxd6 Qxd6+ 36. g3 Qf6 37. Bd5 Qd4 38. Kg2 h6 39. Bb3 Qe4+ 40. Kh2 Qf3 41. Kg1 Qc3 42. Qb1 Kf6 43. Qd1 Ke7 44. Qd5 h5 45. Kg2 Ke8 46. Qe6+ Kd8 47. Qd6+ Kc8 48. Be6+ Kb7 49. Bd5+ Ka7 50. Qxg6 Qc5 51. Qxh5 Kb6 52. Qf7 1-0

[Event "CCT Final-RR 2024"]
[Site "Oslo"]
[Date "2024.12.19"]
[Round "7"]
[White "Keymer, Vincent"]
[Black "Firouzja, Alireza"]
[Result "0-1"]
[ECO "A62"]
[WhiteElo "2733"]
[BlackElo "2763"]
[Annotator "TA"]
[PlyCount "162"]
[EventDate "2024.12.11"]
[EventType "tourn"]
[EventCountry "NOR"]
[SourceTitle "playchess.com"]
[Source "ChessBase"]
[SourceQuality "1"]
[TimeControl "600+2"]

1. Nf3 Nf6 2. g3 g6 3. Bg2 Bg7 4. c4 O-O 5. Nc3 d6 6. d4 c5 7. d5 e6 8. O-O exd5 9. cxd5 Re8 10. Re1 Na6 11. h3 Nc7 12. e4 Nd7 13. Bf4 Ne5 14. Nxe5 Bxe5 15. Bxe5 dxe5 16. d6 Ne6 17. Nd5 Kg7 18. b4 b6 19. bxc5 bxc5 20. f4 Rb8 21. fxe5 Qg5 22. Qf3 Qxe5 23. Rf1 Rf8 24. Qf6+ Qxf6 25. Nxf6 Rd8 26. e5 Nd4 27. Ne4 Bf5 28. Nxc5 Rb5 29. Nb7 Rd7 30. Rfd1 Ne2+ 31. Kf2 Nc3 32. Rd4 Rb2+ 33. Kf1 Rbxb7 34. Bxb7 Rxb7 35. g4 Be6 36. Rc1 Nd5 37. a4 Nb6 38. Rc7 Rb8 39. Rb4 Ra8 40. Rd4 Nd7 41. Re4 a5 42. Kf2 g5 43. Re3 Rb8 44. Ra7 Rb2+ 45. Ke1 Rb1+ 46. Kd2 Nb6 47. Kc2 Ra1 48. Ra6 $2 ({White should play} 48. Rb3 $15 Nd7 (48... Bxb3+ 49. Kxb3 Rd1 50. Rxa5 $11) (48... Nxa4 49. Rb5 $11) 49. Rbb7 Nxe5 (49... Rxa4 $2 50. Rxd7 Rc4+ 51. Kd2 $18) 50. Rxa5 Ra2+ 51. Kc1 (51. Rb2 $2 Rxb2+ 52. Kxb2 Nc4+ $19)) 48... Nc4 49. Re4 (49. Rd3 $17 Nxe5 (49... Rxa4 50. d7 $11) 50. Re3) 49... Ra2+ $19 50. Kc3 Ra3+ 51. Kd4 $2 (51. Kc2 Ra2+ (51... Rxh3 52. Rxc4 Bxc4 53. d7 $14) (51... Rxa4 $2 52. Rc6 $19) 52. Kc1 Rxa4 53. Rc6) 51... Nd2 $19 (51... Rxh3 52. d7 Bxd7 53. Kxc4 $11) (51... Rxa4 52. Kc5 $11) 52. Re2 $2 (52. Re3 Nb3+ (52... Rxa4+ $2 53. Kc3 $19) 53. Rxb3 Rxb3 54. Rxa5) 52... Rxa4+ $2 (52... Nb3+ 53. Kc3 Nc5+ (53... Rxa4 $2 54. Rc6 $19) 54. Kb2 Rb3+ (54... Rxh3 $2 55. Rxa5 Nd3+ 56. Kc2 $19) (54... Rxa4 $2 55. Rc6 $19) 55. Kc2 Nxa6) 53. Kc5 Nb3+ 54. Kb6 Rb4+ 55. Kc7 Nd4 (55... Rc4+ $142 56. Kb6 Bd7) 56. Rd2 (56. d7 $2 Rc4+ (56... Nxe2 $2 57. d8=Q $18) (56... Bxd7 $2 57. Ra2 $19) 57. Kb6 Bxd7 $19 (57... Nxe2 $2 58. d8=Q $18)) (56. Re3 {was worth a try.}) 56... Rc4+ $19 57. Kb6 Nf3 $2 ({Black should play} 57... Bd7 $19 58. Rb2 Ne6 59. Rxa5 Rc3) 58. d7 $11 Bxd7 $1 59. Rxd7 Nxe5 60. Rd5 Re4 61. Kxa5 (61. Rdxa5 Nc4+ 62. Kc7 Nxa5 63. Rxa5 f6 $19) 61... h6 62. Ra7 $2 (62. Kb6 $11) 62... Nc6+ $19 63. Kb6 Nxa7 64. Kxa7 Re3 65. h4 gxh4 66. Rh5 h3 67. Kb6 f6 68. Kc6 Kg6 69. Kd6 Rg3 70. Kd5 Rxg4 71. Rxh3 h5 72. Ra3 h4 73. Ra8 Kf5 74. Rh8 Kf4 75. Ke6 f5 76. Rh5 Kg3 77. Rxf5 h3 78. Ra5 h2 79. Ra3+ Kh4 80. Ra8 Rg1 ({Inferior is} 80... h1=B 81. Rh8+ Kg3 82. Rxh1 $11) 81. Rh8+ Kg3 0-1

[Event "CCT Final-RR 2024"]
[Site "Oslo"]
[Date "2024.12.19"]
[Round "7"]
[White "Vachier-Lagrave, Maxime"]
[Black "So, Wesley"]
[Result "1/2-1/2"]
[ECO "C84"]
[WhiteElo "2731"]
[BlackElo "2747"]
[Annotator "TA"]
[PlyCount "72"]
[EventDate "2024.12.11"]
[EventType "tourn"]
[EventCountry "NOR"]
[SourceTitle "playchess.com"]
[Source "ChessBase"]
[SourceQuality "1"]
[TimeControl "600+2"]

1. e4 e5 2. Nf3 Nc6 3. Bb5 Nf6 4. d3 d6 5. O-O Be7 6. c3 O-O 7. Re1 a6 8. Ba4 b5 9. Bc2 d5 10. Nbd2 dxe4 11. Nxe4 (11. dxe4 $14 {is more appropriate.} Be6 12. a4) 11... Nxe4 $11 12. dxe4 Be6 13. Be3 Qxd1 14. Rexd1 f6 15. Ne1 Na5 16. Nd3 Rfd8 17. Nc5 Bxc5 18. Bxc5 Kf7 19. Kf1 Nb7 20. Be3 Na5 21. Rxd8 Rxd8 {[%emt 0:00:01] The position is equal.} 22. b3 g5 23. Ke2 h5 24. f3 h4 25. Kf2 c5 26. Ke2 Nb7 27. a4 b4 28. cxb4 cxb4 29. a5 Rc8 30. Bd3 Rc6 ({Much weaker is} 30... Bxb3 $6 31. Bxa6 Rc2+ 32. Bd2 $16) 31. Ra4 Bxb3 32. Rxb4 Nxa5 33. Bb6 Nc4 34. Bf2 Ba2 35. Ra4 Bb3 36. Rb4 Ba2 {[%emt 0:00:01] Weighted Error Value: White=0.02 (flawless) /Black=0.02 (flawless) .  Mistake:       	White=1     	---        Inaccurate:     	---       	Black=1      OK:         	White=16    	Black=19} 1/2-1/2

[Event "CCT Final-RR 2024"]
[Site "Oslo"]
[Date "2024.12.19"]
[Round "7"]
[White "Lazavik, Denis"]
[Black "Carlsen, Magnus"]
[Result "1/2-1/2"]
[ECO "A30"]
[WhiteElo "2578"]
[BlackElo "2831"]
[Annotator "TA"]
[PlyCount "86"]
[EventDate "2024.12.11"]
[EventType "tourn"]
[EventCountry "NOR"]
[SourceTitle "playchess.com"]
[Source "ChessBase"]
[SourceQuality "1"]
[TimeControl "600+2"]

1. Nf3 Nf6 2. b3 g6 3. Bb2 Bg7 4. g3 b6 5. Bg2 Bb7 6. O-O O-O 7. c4 e6 8. e3 c5 9. d4 Na6 10. Qe2 d5 11. Rd1 Qe7 12. Nc3 Rfd8 13. cxd5 exd5 14. Rac1 Rac8 15. Bh3 Ra8 16. Nb5 Nb4 17. a3 Na2 18. Ra1 a6 $1 19. Nc3 (19. dxc5 $1 $11 axb5 20. c6 Bxc6 21. Rxa2) 19... Nxc3 $15 20. Bxc3 c4 21. Bb4 Qe8 22. a4 (22. bxc4 $15 dxc4 23. Be1) 22... a5 $1 $17 23. Be1 cxb3 24. Qb2 b5 $1 (24... Qe4 $6 25. Nd2 Qe8 26. Qxb3 $11) 25. Qxb3 b4 26. Rdc1 Bc8 27. Bg2 Ba6 28. Ne5 Rac8 29. Bh3 Rxc1 30. Rxc1 Ne4 31. Nc6 $1 Bc4 32. Rxc4 dxc4 33. Qxc4 Ra8 34. Bg2 Kh8 (34... Bf8 $1 $15) 35. Qd5 (35. Nxa5 $11 Rxa5 36. Bxe4 Rxa4 37. Bc6) 35... f5 $1 $15 36. Nxa5 Rc8 37. Bxe4 ({Don't play} 37. Bxb4 Qxa4 38. Bxe4 fxe4 $17 (38... Qxb4 39. Bd3 $11)) 37... fxe4 38. Bxb4 (38. Kg2 $11) 38... Qxa4 $17 39. Qb7 $2 (39. Be1 $17) 39... Qd1+ $19 40. Kg2 Qf3+ 41. Kh3 {[%emt 0:00:01] [#]} Qh5+ $2 (41... Rg8 $1 $19 {[%cal Og6g5] ( -> ...g5!)} 42. Be7 Qxf2) 42. Kg2 $11 Qf3+ $2 (42... Qf5 $11 43. Nc6 Rf8 44. Bxf8 Qf3+ 45. Kh3 Qf5+ 46. Kg2) 43. Kh3 $19 {[%emt 0:00:01] [#]} Qh5+ $2 (43... Rg8 $1 $19 44. Be7 Qh5+ (44... Qxf2 $2 45. Qb5 $19) 45. Kg2 Qxa5 46. Qxe4 Qa8 47. Qxa8 Rxa8) 1/2-1/2